 Dungeon Crawl Stone Soup version 0.26-b1-32-g5d43845318 (webtiles) character file.

Game seed: 15666951832269052637

28 theswoord the Insei (level 3, -4/27 HPs)
             Began as a Demonspawn Transmuter on Jan 11, 2021.
             Slain by Natasha (9 damage)
             ... on level 1 of the Dungeon.
             The game lasted 00:01:25 (1606 turns).

theswoord the Insei (Demonspawn Transmuter)         Turns: 1606, Time: 00:01:26

Health: -4/27      AC:  4    Str: 11    XL:     3   Next: 0%
Magic:  5/6        EV: 12    Int: 14    God:
Gold:   76         SH:  0    Dex: 13    Spells: 5/6 levels left

rFire    . . .     SeeInvis .     - Unarmed
rCold    . . .     Faith    .   (no shield)
rNeg     . . .     Spirit   .   a - +0 robe
rPois    .         Reflect  .   (no helmet)
rElec    .         Harm     .   (no cloak)
rCorr    .         Rampage  .   (no gloves)
Will     .....                  (no boots)
Stlth    +.........             (no amulet)
HPRegen  0.09/turn              (no ring)
MPRegen  0.10/turn              (no ring)

@: no status effects
A: claws 1, slimy green scales 1
a: no special abilities


You were on level 1 of the Dungeon.
You visited 1 branch of the dungeon, and saw 2 of its levels.

You collected 76 gold pieces.

Inventory:

Armour
 a - a +0 robe (worn)
 h - a +0 pair of gloves
Scrolls
 b - a scroll of enchant weapon {unknown}
 c - 2 scrolls of magic mapping {unknown}
 d - a scroll of fear {unknown}
 f - 4 scrolls of teleportation {unknown}
 j - a scroll of identify {unknown}
Potions
 e - a potion of might {unknown}
 g - a potion of heal wounds {unknown}
 i - a potion of curing {unknown}
 k - a potion of degeneration {unknown}


   Skills:
 + Level 1.8 Fighting
 - Level 1.7 Dodging
 + Level 3.1 Unarmed Combat
 - Level 2.0 Spellcasting
 + Level 2.3 Transmutations


You had 5 spell levels left.
You knew the following spells:

 Your Spells              Type           Power        Failure   Level
a - Beastly Appendage     Tmut           14%          9%          1

Your spell library contained the following spells:

 Spells                   Type           Power        Failure   Level
 Wereblood                Tmut           7%           14%         2
 Spider Form              Tmut/Pois      2%           41%         3
 Ice Form                 Ice/Tmut       4%           83%         4
 Blade Hands              Tmut           3%           94%         5


Dungeon Overview and Level Annotations

Branches:
Dungeon (2/15)

Altars:

Annotations:
D:1 Natasha
D:2 Robin


Innate Abilities, Weirdness & Mutations

You have sharp fingernails.
You are partially covered in slimy green scales. (AC +2)


Message History

There is a stone staircase leading up here.
You miss the bat. The bat barely misses you. The bat misses you.
The dart slug launches a dart at you. The slug dart hits you.
Natasha claws you. The bat closely misses you.
The bat hits you but does no damage. Natasha claws you.
* * * LOW HITPOINT WARNING * * *
You climb upwards.
The crimson imp disappears in a puff of smoke!
There is a stone staircase leading down here.
Unknown command.
You scratch Natasha. You claw Natasha.
Natasha is heavily wounded.
Natasha claws you.
* * * LOW HITPOINT WARNING * * *
You scratch Natasha but do no damage.
Natasha is heavily wounded.
Your horns disappear.
Your talons disappear.
Natasha claws you!
You die...

#.# #...#..............# #'#
##..#........####### #.#
#..########## #####'#########..#
..............#).#########
###########.#.#..........#
.#.......#.##.#..........#
#.###'###.#.#.#..h.......########
#.#.....#.#.#.#.@........)......#
#.#.....#.#.#.#################.#
#.+..<..'.#.#.'.'........# #.#
#.#.....#.#.#.###.....##.# #.#
#.#.....#.#.#.#.#.....##.# #.#
#.###'###.#.#.#.#.....##.# #.#
.#.......#.##.#.#.....##.# #.#
###########.#.#.#.######.######.#
..............#.#.# #.........


You could see Natasha.

Vanquished Creatures
  An ooze (D:1)
  2 ball pythons
  A giant cockroach (D:1)
  4 goblins (D:1)
  3 hobgoblins (D:1)
  5 bats (D:1)
  A frilled lizard (D:1)
  4 kobolds
  A rat (D:1)
22 creatures vanquished.

Notes
Turn   | Place    | Note
-------+----------+-------------------------------------------
     0 | D:1      | theswoord the Demonspawn Transmuter began the quest for the
                  | Orb.
     0 | D:1      | Reached XP level 1. HP: 15/15 MP: 3/3
   545 | D:1      | Gained mutation: You are partially covered in slimy green
                  | scales. (AC +2) [demonic ancestry]
   545 | D:1      | Reached XP level 2. HP: 21/21 MP: 5/5
   841 | D:1      | Reached skill level 3 in Unarmed Combat
  1593 | D:2      | Noticed Natasha
  1599 | D:2      | Noticed a crimson imp
  1600 | D:2      | Gained mutation: You have sharp fingernails. [demonic
                  | ancestry]
  1600 | D:2      | Reached XP level 3. HP: 24/27 MP: 4/6
  1603 | D:2      | Noticed Robin
  1606 | D:1      | Slain by Natasha

Skill      XL: |  1  2 |
---------------+-------+-----
Transmutations | 2 |  2.3
Unarmed Combat | 3 |  3.1
Fighting       | |  1.8
Dodging        | |  1.7
Spellcasting   | |  2.0

Action                   || total
-------------------------++-------
Melee: Unarmed           ||    94
       Kick              ||     2
 Cast: Beastly Appendage ||     2
Armor: Robe              ||    33
Dodge: Dodged            ||    63

Levels and vault maps discovered:
D:1:      matt_arrival_los_fun, layout_basic
D:2:      cheibrodos_pilgrimage, layout_rooms, tso_oasis_becter,
          fiery_altar_vehumet, hangedman_decor_growths, serial_bayou_pond_b,
          minmay_octomino_c4, uniq_natasha, uniq_robin
